 Dungeon Crawl Stone Soup version 0.31-a0-202-g547052bce9 (webtiles) character file.

Game seed: 3523665241445112942

132 qw the Skirmisher (level 4, -3/25 HPs)
             Began as a Deep Elf Hunter on June 26, 2023.
             Slain by an orc wizard
             ... wielding a +0 dagger
              (4 damage)
             ... on level 4 of the Dungeon.
             The game lasted 00:01:37 (3047 turns).

qw the Skirmisher (Deep Elf Hunter)                 Turns: 3047, Time: 00:01:38

Health: -3/25      AC:  5    Str: 10    XL:     4   Next: 92%
Magic:  6/6        EV: 11    Int: 14    God:
Gold:   95         SH:  0    Dex: 18    Spells: 3/3 levels left

rFire   . . .        Y - +0 shortbow
rCold   . . .        (shield currently unavailable)
rNeg    . . .        e - +0 ring mail
rPois   .            (no helmet)
rElec   .            (no cloak)
rCorr   .            (no gloves)
SInv    .            (no boots)
Will    .....        (no amulet) Stlth
                     (no ring)
HPRegen 0.24/turn    (no ring)
MPRegen 0.10/turn

%: no passive effects
@: confused
A: no striking features
a: no special abilities


You were on level 4 of the Dungeon.
You visited 1 branch of the dungeon, and saw 4 of its levels.

You collected 226 gold pieces.
You spent 131 gold pieces at shops.


   Skills:
 - Level 1.5 Fighting
 + Level 8.3 Ranged Weapons
 - Level 2.4 Dodging
 - Level 1.2 Stealth


You had 3 spell levels left.
You didn't know any spells.
Your spell library was empty.

Inventory:

Hand Weapons
 Y - a +0 shortbow (weapon)
Armour
 e - a +0 ring mail (worn)
Scrolls
 a - a scroll of blinking {unknown}
 b - a scroll of enchant armour {unknown}
 f - a scroll of identify
Potions
 d - 2 potions of curing
 g - a potion of might
 k - a potion of brilliance {unknown}

Dungeon Overview and Level Annotations

Branches:
Dungeon (4/15)
 Temple: D:4-7

Altars:

Shops:
D:1 !   D:2 (!??*

Annotations:
D:3 3 runed translucent doors, qw's ghost, amateur DEHu


Message History

You shoot an arrow. The arrow hits the orc.
You kill the orc!
Something hits you but does no damage.
You shoot an arrow. The arrow hits the goblin.
The goblin is moderately wounded.
Something hits you.
The goblin unwields a +0 sling.
The goblin wields a +0 club.
The goblin hits you but does no damage.
You shoot an arrow. The arrow hits the goblin.
The goblin is severely wounded.
Something hits you but does no damage. The goblin hits you with a +0 club.
You shoot an arrow. The arrow hits the goblin.
You kill the goblin!
Something hits you.
You shoot an arrow. Something hits you but does no damage.
You shoot an arrow. Something completely misses you. Something hits you.
You shoot an arrow.
You hear some strange, mumbled words.
A puff of flame appears from out of thin air!
The puff of flame hits you!
You shoot an arrow. Something hits you.
You shoot an arrow.
You hear some strange, mumbled words.
Something tries to affect you, but you resist.
You shoot an arrow. Something hits you but does no damage.
You shoot an arrow.
You hear some strange, mumbled words.
You are confused.
You shoot an arrow. Something hits you. x2
You shoot an arrow. Something hits you.
You shoot an arrow. Something hits you.
You shoot an arrow. Something hits you.
You die...

...# ########## ##########
.........# #........#
########.####........#
............+........#
########..###........#+###
............<..##......go.
.###..##...#.####)###.o...
.#.#..#....#.##.@{# ...
.#.#..#..#...##.### .
.#.........####.#####..
..>....................
##.#.......####.#######
#.#.####### #.# #.#.....#
#.. #.#####.# #### #.#


There were no monsters in sight!

Vanquished Creatures
  6 adders
  An ufetubus (D:3)
  A worm (D:3)
  2 dart slugs
  4 orcs
  10 ball pythons
  2 bats (D:3)
  6 endoplasms
  A giant cockroach (D:1)
  8 goblins
  4 hobgoblins
  A quokka (D:1)
  3 frilled lizards
  9 kobolds
  4 rats
62 creatures vanquished.

Notes
Turn   | Place    | Note
-------+----------+-------------------------------------------
     0 | D:1      | qw the Deep Elf Hunter began the quest for the Orb.
     0 | D:1      | Reached XP level 1. HP: 12/12 MP: 3/3
     0 | D:1      | 0 ||| qw: Version: 0.3-a-22-g0ed2b0b
     0 | D:1      | 0 ||| qw: Game counter: 6212
     0 | D:1      | 0 ||| qw: Melee chars always use a shield: true
     0 | D:1      | 0 ||| qw: God list: Okawaru
     0 | D:1      | 0 ||| qw: Allow faded altars: false
     0 | D:1      | 0 ||| qw: Do Orc after clearing Dungeon:15 true
     0 | D:1      | 0 ||| qw: Do second Lair branch before Depths: true
     0 | D:1      | 0 ||| qw: Lair rune preference: random
     0 | D:1      | 0 ||| qw: Goals: Normal
     0 | D:1      | 0 ||| PLANNING D:1-11
   182 | D:1      | Reached XP level 2. HP: 16/16 MP: 4/4
   186 | D:1      | Reached skill level 6 in Ranged Weapons
   249 | D:1      | Found Abuf Wos's Distillery.
   252 | D:1      | 252 ||| SHOPLISTING 2 potions of might (88 gold, have 40).
   252 | D:1      | 252 ||| BUYING potion of curing (33 gold).
   252 | D:1      | Bought a potion of curing for 33 gold pieces
   252 | D:1      | 252 ||| SHOPLISTING potion of heal wounds (55 gold, have
                  | 7).
   252 | D:1      | 252 ||| SHOPLISTING potion of mutation (88 gold, have 7).
   718 | D:1      | 718 ||| UPGRADING to +0 ring mail.
   728 | D:1      | 728 ||| DROPPING +0 leather armour.
   729 | D:1      | 729 ||| READING scroll labelled DESURO DAONOCE.
   730 | D:1      | 730 ||| DROPPING scroll of butterflies.
   744 | D:2      | Found a faded altar of an unknown god.
   745 | D:2      | 745 ||| Stepping randomly (stuck).
   786 | D:2      | Found Tata's Assorted Antiques.
   814 | D:2      | 814 ||| SHOPLISTING bubbling dark potion (18 gold, have
                  | 17).
   814 | D:2      | 814 ||| SHOPLISTING glowing coppery potion (18 gold, have
                  | 17).
   814 | D:2      | 814 ||| SHOPLISTING potion of curing (63 gold, have 17).
   826 | D:2      | Found Raasol's Magic Scroll Emporium.
   834 | D:2      | 834 ||| BUYING scroll of identify (26 gold).
   834 | D:2      | Bought a scroll of identify for 26 gold pieces
   834 | D:2      | 834 ||| SHOPLISTING scroll of identify (26 gold, have 7).
   908 | D:2      | Reached XP level 3. HP: 20/20 MP: 5/5
  1091 | D:2      | Found Etwynus's Antique Weapon Emporium.
  1164 | D:2      | HP: 5/20 [poisoned by an adder]
  1236 | D:2      | Reached skill level 7 in Ranged Weapons
  1350 | D:2      | Reached XP level 4. HP: 24/25 MP: 6/6
  1464 | D:2      | Found Ovughir's Distillery.
  1467 | D:2      | 1467 ||| SHOPLISTING potion of cancellation (96 gold, have
                  | 78).
  1467 | D:2      | 1467 ||| BUYING potion of curing (36 gold).
  1467 | D:2      | Bought a potion of curing for 36 gold pieces
  1467 | D:2      | 1467 ||| BUYING potion of curing (36 gold).
  1467 | D:2      | Bought a potion of curing for 36 gold pieces
  1467 | D:2      | 1467 ||| SHOPLISTING potion of might (48 gold, have 6).
  1467 | D:2      | 1467 ||| SHOPLISTING potion of resistance (120 gold, have
                  | 6).
  1534 | D:2      | Found Uvoluer's Magic Scroll Boutique.
  1537 | D:2      | 1537 ||| SHOPLISTING scroll of identify (22 gold, have 6).
  1537 | D:2      | 1537 ||| SHOPLISTING scroll of teleportation (33 gold, have
                  | 6).
  1603 | D:2      | 1603 ||| READING scroll labelled KOIRCH FYQE.
  1604 | D:2      | 1604 ||| READING scroll labelled DURIAGUIGEK.
  1605 | D:2      | 1605 ||| READING scroll labelled HUFOFE XUIJA.
  1606 | D:2      | 1606 ||| READING 2 scrolls labelled YMATOPT BELOCW.
  1607 | D:2      | 1607 ||| READING scroll labelled XOLOKHEOSY.
  1608 | D:2      | 1608 ||| DRINKING 2 emerald potions.
  1609 | D:2      | 1609 ||| READING 2 scrolls of identify.
  1609 | D:2      | 1609 ||| IDENTIFYING smoky white potion
  1610 | D:2      | 1610 ||| DROPPING scroll of immolation.
  1611 | D:2      | 1611 ||| DROPPING potion of invisibility.
  1953 | D:3      | Found a runed translucent gate.
  1953 | D:3      | Found a runed translucent gate.
  1953 | D:3      | Found a runed translucent gate.
  1956 | D:3      | Noticed qw's ghost (amateur DEHu)
  1957 | D:3      | Noticed a kobold brigand
  1975 | D:3      | Reached skill level 8 in Ranged Weapons
  3023 | D:4      | 3023 ||| Stepping ~*~*~tactically~*~*~ (outnumbered).
  3024 | D:4      | 3024 ||| Stepping ~*~*~tactically~*~*~ (outnumbered).
  3031 | D:4      | 3031 ||| DRINKING 3 potions of curing.
  3031 | D:4      | 3031 ||| (to cure confusion)
  3039 | D:4      | HP: 6/25 [something/puff of flame (10)]
  3044 | D:4      | HP: 4/25 [something (1)]
  3046 | D:4      | HP: 1/25 [something (2)]
  3047 | D:4      | Slain by an orc wizard

Levels and vault maps discovered:
D:1:      dpeg_arrival_tiny_f, layout_basic, serial_shops,
          nicolae_shop_behind_doors, hangedman_abyss_or_decor_stabs
D:2:      layout_rooms, nicolae_ecumenical_oubliette, serial_shops,
          nicolae_shop_tiny_real_fake_doors, nicolae_shop_back_alley_shop, shop,
          shop, nicolae_shop_rolled_up, minmay_snake_closets
D:3:      layout_basic, gammafunk_ghost_nasty_kobolds,
          wander_ebering_terrifying_dragon_lair
D:4:      layout_basic, minmay_temple_entry_statues_fountains,
          minmay_misc_feat_cross, uniq_ijyb, uniq_duvessa, uniq_blork_the_orc

Skill      XL: |  1  2  3  4 |
---------------+-------------+-----
Ranged Weapons | 6 7 8 |  8.3
Fighting       | |  1.5
Dodging        | |  2.4
Stealth        | |  1.2

Action                     |  1- 3 |  4- 6 || total
---------------------------+-------+-------++-------
   Fire: Shortbow          |    93 |    84 ||   177
    Use: Scroll            |     1 |     6 ||     7
         Potion            |       |     2 ||     2
 Armour: Leather armour    |     1 |       ||     1
         Ring mail         |     7 |    15 ||    22
  Dodge: Dodged            |    11 |    16 ||    27

Table legend:
 A = Non-vault XP
 B = Vault XP
 C = Vault XP percentage of total XP
 D = Non-vault monster count
 E = Vault monster count
 F = Vault count percentage of total count
                 A         B        C        D         E       F
            +---------+---------+-------+---------+---------+-------
      Total |     127 |      62 |  32.8 |      51 |      11 |  17.7
            +---------+---------+-------+---------+---------+-------
        D:1 |      34 |       0 |   0.0 |      19 |       0 |   0.0
        D:2 |      20 |      61 |  75.3 |      13 |      10 |  43.5
        D:3 |      65 |       1 |   1.5 |      16 |       1 |   5.9
        D:4 |       8 |       0 |   0.0 |       3 |       0 |   0.0
            +---------+---------+-------+---------+---------+-------
